Map: Deathaura LE

Players

GeneralBlack - Winner!

  • Race: Terran Terran
  • League: Diamond
  • Spawn Location: 11:00

VOD

Have the link to the VOD?

Description

uThermals BuildOrder from his "Ultimate proxy reaper guide" (https://www.youtube.com/watch?v=iN2AJfoj5RE&)

Time

  • Played on: June 5, 2020, 8:22 a.m.
  • Length: 7:43
Show
View Real Time Build Order
Export as new Build Order

GeneralBlack Terran - Winner!

Build Orders: Reaper Expand 

Get SALT Encoding   

  12  0:02  SCV  
  12  0:13  Supply Depot  
  12  0:18  SCV  
  12  0:37  Barracks  
  12  0:40  Refinery  
  12  0:54  Barracks  
  12  1:00  SCV  
  12  1:12  SCV  
  12  1:24  Reaper  
  12  1:25  Orbital Command  
  12  1:32  Refinery  
  12  1:41  Reaper  
  12  1:51  SCV  
  12  1:58  Reaper  
  12  2:04  SCV  
  12  2:05  Supply Depot  
  12  2:13  Reaper  
  12  2:16  SCV  
  12  2:28  SCV  
  12  2:31  Reaper  
  12  2:38  Factory  
  12  2:40  SCV  
  12  2:45  Reaper  
  12  2:50  Supply Depot  
  12  2:52  SCV  
  12  3:03  Reaper  
  12  3:04  SCV  
  12  3:16  SCV  
  12  3:22  Reaper  
  12  3:23  Hellion  
  12  3:28  SCV  
  12  3:29  Command Center  
  12  3:36  Supply Depot  
  12  3:44  SCV  
  12  3:45  Factory Tech Lab  
  12  3:57  SCV  
  12  3:58  Supply Depot  
  12  4:05  Siege Tank  
  12  4:14  SCV  
  12  4:26  Command Center  
  12  4:28  SCV  
  12  4:37  Siege Tank  
  12  4:41  SCV  
  12  4:47  Orbital Command  
  12  4:56  Barracks  
  12  5:01  Starport  
  12  5:05  SCV  
  12  5:13  SCV  
  12  5:17  Siege Tank, SCV  
  12  5:20  Barracks Tech Lab  
  12  5:25  SCV  
  12  5:26  Refinery  
  12  5:27  Refinery  
  12  5:29  SCV  
  12  5:31  Supply Depot  
  12  5:38  Supply Depot, SCV  
  12  5:39  Orbital Command  
  12  5:40  Starport Tech Lab  
  12  5:42  Barracks Reactor  
  12  5:43  Marine  
  12  5:45  Barracks Tech Lab  
  12  5:46  Stimpack  
  12  5:51  SCV x2  
  12  5:59  Raven  
  12  6:03  Marine x2, SCV x2  
  12  6:04  Combat Shield  
  12  6:06  SCV  
  12  6:15  Siege Tank, SCV x2  
  12  6:18  SCV  
  12  6:21  Supply Depot, Marine x2  
  12  6:22  Marine x2  
  12  6:28  SCV x2  
  12  6:30  SCV  
  12  6:40  SCV x2  
  12  6:42  Raven  
  12  6:43  Engineering Bay x2  
  12  6:45  Marine  
  12  6:46  Marine x3  
  12  6:50  Siege Tank  
  12  6:53  Orbital Command  
  12  7:00  SCV x2  
  12  7:03  Marine x2  
  12  7:08  Marine  
  12  7:09  Marine  
  12  7:13  SCV x2  
  12  7:17  Barracks  
  12  7:19  Barracks, SCV  
  12  7:21  Marine x2  
  12  7:25  SCV  
  12  7:37  Refinery  
  12  7:38  Refinery  
Tags
 
League
Diamond
Race
Terran
Replay Pack
lotv
Add a new tag
Caveats
  • Supply blocks, unpowered buildings, or Contaminate may cause inaccurate times.
  • Supply counts are checked every 10 seconds.